 Dungeon Crawl Stone Soup version 0.26.1-11-gd32895ea62 (webtiles) character file.

Game seed: 12351564509046203112

196 Zeld the Changer (level 5, -10/34 HPs)
             Began as an Octopode Transmuter on May 27, 2021.
             Shot with an arrow by a centaur (17 damage)
             ... on level 4 of the Dungeon.
             The game lasted 00:02:46 (3208 turns).

Zeld the Changer (Octopode Transmuter)              Turns: 3208, Time: 00:02:47

Health: -10/34     AC:  1    Str: 11    XL:     5   Next: 74%
Magic:  10/10      EV: 14    Int: 15    God:
Gold:   142        SH:  0    Dex: 12    Spells: 0/10 levels left

rFire    . . .     SeeInvis .     - Unarmed
rCold    . . .     Faith    .   (no shield)
rNeg     . . .     Spirit   .   (helmet restricted)
rPois    .         Reflect  .   (no amulet)
rElec    .         Harm     .   (no ring)
rCorr    .         Rampage  .   (no ring)
Will     .....                  (no ring)
Stlth    ++........             (no ring)
HPRegen  0.11/turn              (no ring)
MPRegen  0.12/turn              (no ring)
                                (no ring)
                                (no ring)

@: no status effects
A: almost no armour, stealthy swim, amphibious, 8 rings, constrict 8, camouflage
1, gelatinous body 1
a: no special abilities


You were on level 4 of the Dungeon.
You visited 1 branch of the dungeon, and saw 4 of its levels.

You collected 142 gold pieces.

Inventory:

Jewellery
 h - a cursed +4 ring of slaying {unknown}
Wands
 j - a wand of acid (10)
 m - a wand of random effects (15)
Scrolls
 b - 3 scrolls of identify {unknown}
 c - a scroll of fog {unknown}
 e - a scroll of teleportation {unknown}
 f - 4 scrolls of remove curse {unknown}
 g - a scroll of magic mapping {unknown}
 k - 2 scrolls of fear {unknown}
Potions
 a - 2 potions of curing {unknown}
 d - a potion of lignification {unknown}
 i - 2 potions of degeneration {unknown}
 l - a potion of berserk rage {unknown}
 n - a potion of brilliance {unknown}


   Skills:
 + Level 2.2 Fighting
 + Level 2.9 Dodging
 - Level 3.0 Unarmed Combat
 * Level 3.4 Spellcasting
 * Level 3.6 Transmutations


You couldn't memorise any spells.
You knew the following spells:

 Your Spells              Type           Power        Failure   Level
a - Beastly Appendage     Tmut           26%          4%          1
b - Wereblood             Tmut           13%          6%          2
c - Spider Form           Tmut/Pois      4%           26%         3
d - Ice Form              Ice/Tmut       8%           65%         4

Your spell library contained the following spells:

 Spells                   Type           Power        Failure   Level
 Blade Hands              Tmut           6%           75%         5


Dungeon Overview and Level Annotations

Branches:
Dungeon (4/15)
 Temple: D:4-7

Altars:
Fedhas
Trog


Innate Abilities, Weirdness & Mutations

You cannot wear most types of armour.
You are very stealthy in the water. (Stealth+)
You are amphibious.
You can wear up to eight rings at the same time.
You can use your tentacles to constrict eight enemies at once.
Your skin changes colour to match your surroundings (Stealth+).
Your rubbery body absorbs attacks. (AC +1, EV +1)


Message History

Found a blossoming altar of Fedhas.
A centaur is nearby!
The centaur shouts!
The centaur wields a +3 shortbow.
The centaur shoots an arrow.
The arrow completely misses you.
You see here an arrow.
The centaur shoots an arrow.
The arrow hits you!
The centaur shoots an arrow.
The arrow closely misses you.
You see here an arrow.
The centaur shoots an arrow.
The arrow hits you!
* * * LOW HITPOINT WARNING * * *
You see here an arrow.
An ogre comes into view. It is wielding a +0 giant spiked club.
Your tentacle spike disappears.
The centaur wields a +3 shortbow.
The centaur shoots an arrow.
The arrow misses you.
The centaur shoots an arrow.
The arrow completely misses you.
The centaur shoots an arrow.
The arrow hits you!
Ouch! That really hurt!
You die...

.# #.# O.
#######(#
..#....(###
.......(..#
.PP...#.#.#
PPP.##.#.#####
P_PP##.#......
PcP.P.#..(###
PPPcP.@...(.#
......####.#.#
..### .# O. .#
## #


You could see a centaur.

Vanquished Creatures
  A big kobold (D:3)
  6 adders
  2 adder skeletons
  A dart slug (D:1)
  2 leopard geckos
  2 giant cockroaches (D:1)
  5 goblins
  8 hobgoblins
  6 jackals
  2 quokkas
  A ball python (D:1)
  5 bats
  2 frilled lizards
  12 kobolds
  8 rats
63 creatures vanquished.

Notes
Turn   | Place    | Note
-------+----------+-------------------------------------------
     0 | D:1      | Zeld the Octopode Transmuter began the quest for the Orb.
     0 | D:1      | Reached XP level 1. HP: 13/13 MP: 3/3
   164 | D:1      | Reached XP level 2. HP: 18/18 MP: 3/5
   192 | D:1      | Learned a level 2 spell: Wereblood
   631 | D:1      | Reached XP level 3. HP: 21/23 MP: 6/6
   638 | D:1      | Learned a level 3 spell: Spider Form
  1683 | D:2      | Reached XP level 4. HP: 22/29 MP: 8/8
  1905 | D:2      | Found a bloodstained altar of Trog.
  2232 | D:3      | Noticed a big kobold
  2240 | D:3      | Killed a big kobold
  2241 | D:3      | Reached XP level 5. HP: 25/34 MP: 5/9
  2246 | D:3      | Learned a level 4 spell: Ice Form
  3098 | D:4      | Noticed an ogre
  3200 | D:4      | Found a blossoming altar of Fedhas.
  3200 | D:4      | Noticed a centaur
  3206 | D:4      | Noticed an ogre
  3208 | D:4      | Shot with an arrow by a centaur

Illustrated notes

Levels and vault maps discovered:
D:1:      minmay_arrival_widening_spiral_wide, layout_loops_ring
D:2:      layout_rooms, general_overflow_altar
D:3:      layout_loops_cross
D:4:      layout_loops_ring, fedhas_bush_and_centaur_altar,
          gup_sewer_entry_bubbles, uniq_pikel, uniq_grinder, uniq_duvessa

Skill      XL: |  1  2  3  4 |
---------------+-------------+-----
Transmutations | 3 |  3.6
Fighting       | 2 |  2.2
Spellcasting   | 3 |  3.4
Dodging        | |  2.9
Unarmed Combat | |  3.0

Action                   |  1- 3 |  4- 6 || total
-------------------------+-------+-------++-------
Melee: Unarmed           |    74 |    61 ||   135
       Constrict         |    23 |    18 ||    41
       Tentacles         |    12 |     3 ||    15
       Kick              |    16 |    14 ||    30
       Punch             |       |     3 ||     3
 Cast: Beastly Appendage |    16 |    18 ||    34
       Spider Form       |     1 |     1 ||     2
 Stab: Sleeping          |       |     2 ||     2
Armor: Skin              |     4 |     5 ||     9
Dodge: Dodged            |    50 |    47 ||    97
